 Dungeon Crawl Stone Soup version 0.27.1-37-g7b29ead8ac (webtiles) character file.

Game seed: 4974496531240985184

303657 sahdkjhfkaj the Hoplite (level 21, -5/177 HPs)
             Began as a Merfolk Berserker on Mar 1, 2023.
             Was a High Priest of Trog.
             Killed from afar by a crystal guardian (45 damage)
             ... with a crystal bolt
             ... led by a peacekeeper
             ... on level 3 of the Vaults on Mar 3, 2023.
             The game lasted 02:14:33 (67422 turns).

sahdkjhfkaj the Hoplite (Merfolk Berserker)        Turns: 67422, Time: 02:14:34

Health: -5/177     AC: 19    Str: 30    XL:     21   Next: 9%
Magic:  21/21      EV: 20    Int:  9    God:    Trog [*****.]
Gold:   2404       SH: 33    Dex: 15    Spells: 20/20 levels left

rFire    . . .     SeeInvis +   a - +7 trident (flame)
rCold    + . .     Faith    .   b - +7 tower shield {rPois}
rNeg     + . .     Spirit   .   F - +7 scale mail "Omnukla" {+Inv rN+ Will++ Int-5}
rPois    +         Reflect  .   q - +3 crown of Dyrovepreva {rElec Int+2 SInv}
rElec    +         Harm     .   (no cloak)
rCorr    +         Rampage  .   r - +1 pair of gloves of Vanity {rCorr}
Will     +++..                  (no boots)
Stlth    ..........             S - amulet of the acrobat
HPRegen  0.39/turn              U - +4 ring of slaying
MPRegen  0.17/turn              g - ring "Jatiur" {rC+ Str+4 Int+6}

@: studying Maces & Flails
A: (nimble swimmer 2), mertail
}: 2/15 runes: serpentine, barnacled
a: Renounce Religion, Evoke Invisibility, Berserk, Trog's Hand, Brothers in Arms


You were on level 3 of the Vaults.
You worshipped Trog.
Trog was extremely pleased with you.
You visited 6 branches of the dungeon, and saw 34 of its levels.
You also visited: Sewer, Ossuary, Bailey and Volcano.

You collected 6266 gold pieces.
You spent 3862 gold pieces at shops.

Inventory:

Hand Weapons
 a - a +7 trident of flaming (weapon)
 T - a +1 demon trident of draining
Missiles
 d - 12 throwing nets {!f}
Armour
 b - a +7 tower shield of poison resistance (worn)
 q - the +3 crown of Dyrovepreva (worn) {rElec Int+2 SInv}
   (You bought it in a shop on level 10 of the Dungeon)

   Int:       It affects your intelligence (+2).
   rElec:     It insulates you from electricity.
   SInv:      It lets you see invisible.
 r - the +1 pair of gloves of Vanity (worn) {rCorr}
   (You bought it in a shop on level 2 of the Orcish Mines)

   rCorr:     It protects you from acid and corrosion.
 F - the +7 scale mail "Omnukla" (worn) {+Inv rN+ Will++ Int-5}
   (You bought it in a shop on level 10 of the Dungeon)

   Int:       It affects your intelligence (-5).
   rN:        It protects you from negative energy.
   +Inv:      It lets you turn invisible.
   Will:      It greatly increases your willpower.
 R - a +0 chain mail of fire resistance
Jewellery
 g - the ring "Jatiur" (right hand) {rC+ Str+4 Int+6}
   (You bought it in a shop on level 2 of the Orcish Mines)

   [ring of intelligence]

   Str:       It affects your strength (+4).
   Int:       It affects your intelligence (+6).
   rC:        It protects you from cold.
 n - a +4 ring of protection
 w - a ring of willpower
 I - a ring of protection from fire
 S - an amulet of the acrobat (around neck)
 U - a +4 ring of slaying (left hand)
 Y - a +6 ring of strength
Wands
 h - a wand of polymorph (10)
 u - a wand of paralysis (26)
 C - a wand of acid (8)
 J - a wand of mindburst (36)
 K - a wand of charming (15)
 N - a wand of digging (17)
 Q - a wand of flame (55) (quivered)
Scrolls
 c - 13 scrolls of teleportation {!r}
 e - 3 scrolls of magic mapping {!r}
 f - 10 scrolls of enchant weapon {!r}
 y - 5 scrolls of summoning {!r}
 z - 5 scrolls of fear {!r}
 B - 4 scrolls of immolation {!r}
 D - 7 scrolls of vulnerability {!r}
 H - 14 scrolls of identify {!r}
 M - 2 scrolls of blinking {!r}
 O - a scroll of torment {!r}
 V - 9 scrolls of noise {!r}
 X - 2 scrolls of silence {!r}
Potions
 k - 9 potions of curing {!q}
 l - 9 potions of might {!q}
 m - 2 potions of resistance {!q}
 o - 5 potions of ambrosia {!q}
 p - 5 potions of flight {!q}
 s - 8 potions of mutation {!q}
 t - 4 potions of heal wounds {!q}
 v - 11 potions of haste {!q}
 x - 2 potions of attraction {!q}
 A - 2 potions of cancellation {!q}
 E - 2 potions of magic {!q}
 G - 3 potions of berserk rage {!q}
 L - 5 potions of lignification {!q}


   Skills:
 + Level 18.2 Fighting
 - Level 14.0 Polearms
 - Level 5.0 Armour
 + Level 19.3 Dodging
 + Level 23.6 Shields
 - Level 15.0 Evocations


You had 20 spell levels left.
You didn't know any spells.
Your spell library was empty.

Dungeon Overview and Level Annotations

Branches:
Dungeon (15/15)            Temple (0/1) D:7            Lair (6/6) D:8
 Shoals (4/4) Lair:2        Snake (4/4) Lair:3        Slime (0/5) Lair:6
    Orc (2/2) D:10            Elf (0/3) Orc:2        Vaults (3/5) D:14
  Crypt (0/3) Vaults:2     Depths (0/5) D:15          Sewer (visited)
Ossuary (visited)          Bailey (visited)         Volcano (visited)

Altars:
Ashenzari
Dithmenos
Gozag
Nemelex Xobeh
Sif Muna
Uskayaw
Vehumet
Xom
Zin
Beogh
Lugonu

Shops:
D:7 ?   D:10 ?[[[   Orc:1 !   Orc:2 !**[   Snake:3 !:   Vaults:1 (   Vaults:2 [

Portals:
Abyss: Lair:6

Annotations:
Shoals:2 1 runed translucent door, onlghost's ghost, adept DDMo
Shoals:4 2 runed translucent doors, bnorton916's ghost, adept DECj
Snake:3 Mara


Innate Abilities, Weirdness & Mutations

((You are quick and stealthy near water. (Stealth+, EV+, Speed+++)))
Your lower body shifts to a powerful aquatic tail in water.


Message History

Unknown command.
Unknown command.
Really read
M - 2 scrolls of blinking {!r}?
Blink to where?
Press: ? - help, Dir - move target, p - crystal guardian
Okay, then.
Unknown command.
Really quaff
t - 5 potions of heal wounds {!q}?
You feel much better.
The ironbound convoker shouts!
You block the crystal guardian's attack.
The ironbound convoker begins to recite a word of recall!
Unknown command.
Unknown command.
Aiming: Corrosive Bolt
Press: ? - help, Shift-Dir - straight line, f/p - crystal guardian
Aim: a crystal guardian (moderately damaged, 100% to hit)
The bolt of acid hits the crystal guardian!
The crystal guardian is splashed with acid.
The acid corrodes the crystal guardian!
The crystal guardian is heavily damaged.
The crystal guardian fires a crystalline bolt at you.
The crystal bolt misses you. The crystal bolt burns you!!
* * * LOW HITPOINT WARNING * * *
The crystal bolt burns the crystal guardian.
The crystal guardian completely resists.
Unknown command.
Unknown command.
Aiming: Corrosive Bolt
Press: ? - help, Shift-Dir - straight line, f/p - crystal guardian
Aim: a crystal guardian (heavily damaged, covered in acid, 100% to hit)
The bolt of acid hits the crystal guardian!
The crystal guardian is splashed with acid.
The crystal guardian seems to be corroded for longer.
The crystal guardian is almost destroyed.
The crystal guardian fires a crystalline bolt at you.
The crystal bolt burns you!!
* * * LOW HITPOINT WARNING * * *
The crystal bolt burns you!!!
You die...

#..# #..######## #[.#
#.)'[.T...# #..#
#..#..p...# #..#
#..#...)..#
#..#######[.#..pp..#
#..).....)..#...Tp.#
#......p.)..#......#
###'##'#########pT####
#...8@.# #.pm≈...#
#......# #..≈≈..[#
#......# #..≈....+
#......# #.≈≈≈..)#
#......# #.≈≈....#
#....[÷# #.≈≈≈...p
##############+#
#.......#
#............[[#
#.......#
#..............#
#TT.p...#


You could see a crystal guardian (corroded) and an ironbound convoker (chanting
recall).

Vanquished Creatures
  Polyphemus (Shoals:2)
  A kraken (Shoals:3)
  2 sphinxes
  Gastronok (D:11)
  Roxanne (Snake:2)
  Kirke (Snake:2)
  3 nagarajas (Snake:4)
  A frost giant (D:14)
  Louise (Snake:1)
  7 vault wardens
  Aizul (Snake:2)
  A ghoul (Vaults:2)
  12 ironbound preservers
  A war gargoyle (Vaults:3)
  A stone giant (Vaults:1)
  9 very ugly things
  Azrael (D:14)
  Nessos (Lair:5)
  2 dire elephants (Vaults:2)
  An entropy weaver (Vaults:2)
  An eidolon (Vaults:2)
  4 crystal guardians (Vaults:2)
  11 merfolk impalers
  Josephine (D:11)
  Snorg (Lair:5)
  7 merfolk javelineers
  A yaktaur captain (Vaults:2)
  2 great orbs of eyes (Vaults:2)
  4 hydras
  2 salamander tyrants
  14 naga warriors
  2 boulder beetles
  2 peacekeepers (Vaults:2)
  2 vault guards
  2 ironbound frosthearts (Vaults:2)
  3 alligator snapping turtles
  2 death knights
  3 ironbound thunderhulks
  11 centaur warriors
  6 anacondas
  2 catoblepae
  An ogre mage (Vaults:1)
  A merfolk avatar (Shoals:3)
  2 dancing weapons (D:14)
  8 death yaks
  4 merfolk aquamancers
  5 two-headed ogres
  7 tengu warriors
  20 naga sharpshooters
  A vampire mage (Vaults:2)
  An orc high priest (Orc:2)
  3 ironbound beastmasters (Vaults:2)
  Urug (Lair:5)
  3 thrashing horrors (Lair:6)
  7 shock serpents
  2 sun demons (Shoals:1)
  A fire crab (shapeshifter) (Lair:6)
  The ghost of AverageBear the Cleaver, a novice DDFi of Makhleb (D:7)
  7 salamander mystics
  32 deep trolls
  4 naga ritualists
  13 sea snakes
  8 wizards
  8 ironbound convokers
  23 harpies
  5 lindwurms
  6 orc knights
  Pikel (D:5)
  9 mana vipers
  36 ugly things
  3 necromancers
  12 fauns
  An orc sorcerer (Orc:2)
  6 cyclopes
  11 manticores
  An oklob plant (Snake:1)
  17 salamanders
  20 naga magi
  9 water nymphs
  A frost giant skeleton (Vaults:1)
  10 merfolk sirens
  38 black mambas
  4 vault sentinels
  A gargoyle (D:12)
  2 smoke demons (Lair:6)
  5 guardian serpents
  12 cane toads
  An unseen horror (D:12)
  2 rime drakes
  12 yaktaurs
  12 komodo dragons
  A kobold demonologist (D:13)
  An ancient zyme (Lair:6)
  5 trolls
  A red devil (Volcano)
  3 polar bears
  33 merfolk
  A hornet (D:9)
  A hornet (shapeshifter) (D:15)
  6 wind drakes
  15 blink frogs
  8 dream sheep
  13 slime creatures
  6 snapping turtles
  A vampire (D:6)
  8 wraiths
  An ettin skeleton (Vaults:1)
  A redback (Vaults:2)
  2 shadows
  A spriggan (Lair:6)
  A hog (Snake:2)
  7 water elementals
  Sigmund (D:3)
  5 fire elementals (D:14)
  12 wyverns
  45 yaks
  3 basilisks
  2 chaos spawn (Lair:6)
  A ynoxinul (Lair:6)
  Grum (D:10)
  7 fire bats (Volcano)
  3 wargs
  3 acid dragons
  54 nagas
  Purgy (D:3)
  5 hell hounds
  16 water moccasins
  An ice beast (D:8)
  14 orc warriors
  Duvessa (D:4)
  A black bear (D:4)
  A large abomination (Lair:6)
  A necrophage (D:5)
  10 wolves
  10 centaurs
  An orc skeleton (Vaults:1)
  A tengu (shapeshifter) (D:15)
  5 ogres
  2 lemures (D:5)
  An elf simulacrum (Vaults:1)
  4 phantoms
  10 bullfrogs
  A spectral wyvern (D:7)
  4 kobold brigands
  A wyvern zombie (D:7)
  4 gnoll sergeants
  3 scorpions
  A scorpion (shapeshifter) (D:13)
  9 small abominations (Lair:6)
  Dowan (D:4)
  A water moccasin skeleton (D:4)
  11 killer bees
  22 wights
  2 electric eels (Lair:1)
  2 howler monkeys
  A spectral centaur (D:7)
  5 centaur zombies
  6 lava snakes (Volcano)
  A bullfrog zombie (D:6)
  2 human zombies
  3 hounds
  4 jellies
  4 gnoll shamans
  7 orc priests
  Ijyb (D:3)
  2 iguanas
  11 hell rats
  12 orc wizards
  A polar bear simulacrum (Lair:4)
  2 yak simulacra (Lair:4)
  A killer bee zombie (D:9)
  5 wolf simulacra (Lair:4)
  A centaur simulacrum (D:7)
  A spectral howler monkey (D:7)
  3 mummies (Ossuary)
  Robin (D:4)
  45 gnolls
  7 adders
  2 white imps (D:6)
  2 ufetubi
  A worm zombie (D:5)
  A worm (D:5)
  4 dart slugs
  47 orcs
  7 ball pythons
  10 endoplasms
  3 giant cockroaches
  A gnoll zombie (D:5)
  19 goblins
  15 hobgoblins
  5 jackals (Sewer)
  3 quokkas
  6 bats
  6 frilled lizards
  3 goblin zombies (Ossuary)
  4 hobgoblin zombies (Ossuary)
  32 kobolds
  5 kobold zombies (Ossuary)
  7 rats
  3 river rat simulacra (Lair:4)
1244 creatures vanquished.

Vanquished Creatures (collateral kills)
  Donald (Shoals:1)
  A nagaraja (Snake:4)
  2 merfolk javelineers (Shoals:4)
  A merfolk impaler (Shoals:4)
  A naga warrior (Snake:4)
  2 hydras (Lair:1)
  Erolcha (D:10)
  2 two-headed ogres
  A merfolk aquamancer (Shoals:4)
  An anaconda (Snake:4)
  2 orc high priests (Orc:2)
  A hell knight (Volcano)
  A sun demon (Volcano)
  A shock serpent (Snake:4)
  A naga sharpshooter (Snake:4)
  3 sea snakes (Snake:4)
  2 orc sorcerers (Orc:2)
  An orc knight (Orc:2)
  A manticore (D:15)
  A molten gargoyle (Volcano)
  2 naga magi (Snake:4)
  2 guardian serpents (Snake:4)
  A black mamba (Snake:4)
  A cane toad (Lair:4)
  A rime drake (D:15)
  2 komodo dragons
  A red devil (Volcano)
  A troll (D:10)
  4 wyverns
  A basilisk (D:15)
  3 nagas
  A water moccasin (Lair:4)
  3 orc warriors
  A black bear (Lair:3)
  An ogre (D:10)
  A kobold brigand (D:10)
  2 bullfrogs
  5 wights (D:9)
  3 orc wizards
  5 hell rats (D:15)
  A gnoll (D:10)
  7 orcs
76 creatures vanquished.

Vanquished Creatures (others)
  5 humans (Snake:2)
  2 orc priests (Orc:2)
  An orc (Orc:2)
  A kobold (D:3)
  55 fungi
  142 plants
  20 tentacles
226 creatures vanquished.

Grand Total: 1546 creatures vanquished

Notes
Turn   | Place    | Note
-------+----------+-------------------------------------------
     0 | D:1      | sahdkjhfkaj the Merfolk Berserker began the quest for the
                  | Orb.
     0 | D:1      | Reached XP level 1. HP: 18/18 MP: 1/1
    64 | D:1      | Found a faded altar of an unknown god.
   127 | D:1      | Reached XP level 2. HP: 22/24 MP: 2/2
   561 | D:1      | Reached XP level 3. HP: 24/30 MP: 3/3
   616 | D:1      | Reached skill level 5 in Polearms
  1423 | D:2      | Reached ** piety under Trog
  2091 | D:3      | Reached XP level 4. HP: 29/37 MP: 4/4
  2507 | D:3      | Noticed Purgy
  2517 | D:3      | Killed Purgy
  2518 | D:3      | Reached XP level 5. HP: 43/43 MP: 5/5
  2521 | D:3      | Noticed Ijyb
  2559 | D:3      | Killed Ijyb
  2560 | D:3      | Reached skill level 5 in Dodging
  2560 | D:3      | Reached XP level 6. HP: 26/50 MP: 6/6
  2760 | D:3      | Reached skill level 5 in Fighting
  3312 | D:3      | Noticed Sigmund
  3330 | D:3      | Killed Sigmund
  3511 | D:4      | Reached XP level 7. HP: 56/56 MP: 7/7
  3568 | D:4      | Noticed Robin
  3580 | D:4      | Killed Robin
  3582 | D:4      | Reached *** piety under Trog
  3651 | D:4      | Noticed Duvessa
  3654 | D:4      | Noticed Dowan
  3681 | D:4      | Killed Dowan
  3682 | D:4      | Killed Duvessa
  3816 | D:4      | Reached XP level 8. HP: 65/65 MP: 8/8
  4119 | D:4      | Reached skill level 1 in Evocations
  4374 | D:4      | Reached **** piety under Trog
  4412 | D:4      | Reached skill level 5 in Evocations
  4663 | D:5      | Entered Level 5 of the Dungeon
  4712 | D:5      | Found a sand-covered staircase.
  4731 | Ossuary  | Entered an ossuary
  4731 | Ossuary  | Noticed a wraith
  4731 | Ossuary  | Noticed a wraith
  4731 | Ossuary  | Noticed a wraith
  4849 | Ossuary  | Noticed a wraith
  4860 | Ossuary  | Killed a wraith
  4995 | Ossuary  | Reached XP level 9. HP: 68/72 MP: 9/9
  5445 | D:5      | Found a hide-covered altar of Uskayaw.
  5472 | D:5      | Found a sparkling altar of Nemelex Xobeh.
  5889 | D:5      | Noticed Pikel
  5963 | D:5      | Killed Pikel
  5964 | D:5      | Reached skill level 10 in Polearms
  6365 | D:6      | Found a glowing drain.
  6374 | Sewer    | Entered a sewer
  6552 | Sewer    | Reached ***** piety under Trog
  6855 | Sewer    | Identified 2 scrolls of acquirement {!r}
  6855 | Sewer    | Acquired 857 gold pieces
  6857 | Sewer    | Acquired a manual of Evocations
  7276 | D:6      | Reached XP level 10. HP: 82/82 MP: 10/10
  8197 | D:7      | Reached skill level 10 in Evocations
  8741 | D:7      | Found a staircase to the Ecumenical Temple.
  8800 | D:7      | Found Sostelae's Magic Scroll Shoppe.
  8834 | D:7      | Bought a scroll of acquirement for 728 gold pieces
  8834 | D:7      | Acquired 1065 gold pieces
  9313 | D:7      | Found a runed translucent gate.
  9313 | D:7      | Found a runed translucent gate.
  9313 | D:7      | Found a runed translucent gate.
  9314 | D:7      | Noticed AverageBear's ghost (novice DDFi)
  9616 | D:7      | Killed AverageBear's ghost
  9843 | D:8      | Found a staircase to the Lair.
 10018 | D:8      | Found a flagged portal.
 10025 | Bailey   | Entered a bailey
 10378 | Bailey   | Noticed an orc knight
 10488 | Bailey   | Killed an orc knight
 10741 | D:8      | Reached XP level 11. HP: 96/96 MP: 11/11
 10814 | D:8      | Received a gift from Trog
 10984 | D:8      | Found an opulent altar of Gozag.
 10984 | D:8      | Found a glowing silver altar of Zin.
 11608 | D:9      | Reached XP level 12. HP: 93/93 MP: 12/12
 12000 | D:9      | Noticed a two-headed ogre
 12031 | D:9      | Killed a two-headed ogre
 12398 | D:9      | Reached skill level 15 in Evocations
 12848 | D:10     | Entered Level 10 of the Dungeon
 12864 | D:10     | Found a staircase to the Orcish Mines.
 13095 | D:10     | Found Xothun's Antique Armour Shoppe.
 13125 | D:10     | Found Jekaesof's Magic Scroll Shoppe.
 13281 | D:10     | Found a radiant altar of Vehumet.
 13281 | D:10     | Found a broken altar of Ashenzari.
 13306 | D:10     | Noticed Grum
 13326 | D:10     | Killed Grum
 13327 | D:10     | Reached skill level 1 in Shields
 13423 | D:10     | Found Danixon's Armour Emporium.
 13441 | D:10     | Identified the +4 hand axe of Mutilation {vorpal, *Rage Fly
                  | rPois Str+8}
 13575 | D:10     | Noticed a two-headed ogre
 13580 | D:10     | Reached skill level 2 in Shields
 13580 | D:10     | Noticed Erolcha
 13583 | D:10     | Killed a two-headed ogre
 13584 | D:10     | Reached skill level 3 in Shields
 13585 | D:10     | Killed Erolcha
 13720 | D:10     | Found Weifriyf's Antique Armour Emporium.
 13778 | D:10     | Noticed a two-headed ogre
 13789 | D:10     | Killed a two-headed ogre
 13790 | D:10     | Reached skill level 4 in Shields
 14338 | Lair:1   | Entered Level 1 of the Lair of Beasts
 14554 | Lair:1   | Noticed an eight-headed hydra
 14554 | Lair:1   | Noticed a six-headed hydra
 14557 | Lair:1   | Killed an eight-headed hydra
 14564 | Lair:1   | Reached skill level 5 in Shields
 14575 | Lair:1   | Killed a six-headed hydra
 15179 | Lair:1   | Found a shimmering blue altar of Sif Muna.
 15339 | Lair:1   | Reached skill level 10 in Dodging
 15452 | Lair:1   | Reached skill level 6 in Shields
 15820 | Lair:2   | Reached XP level 13. HP: 61/111 MP: 13/13
 16600 | Lair:2   | Reached skill level 7 in Shields
 17030 | Lair:2   | Found a staircase to the Shoals.
 17928 | Lair:3   | Found a staircase to the Snake Pit.
 17977 | Lair:3   | Found a dark tunnel.
 17986 | Volcano  | Entered a volcano
 18495 | Volcano  | Found a radiant altar of Vehumet.
 18497 | Volcano  | Received a gift from Trog
 19343 | Lair:3   | Found the +27 Lear's hauberk
 21887 | Lair:5   | Reached skill level 15 in Dodging
 21974 | Lair:4   | Reached XP level 14. HP: 73/119 MP: 14/14
 22210 | Lair:5   | Noticed Nessos
 22232 | Lair:5   | Killed Nessos
 22523 | Lair:5   | Noticed Urug
 22548 | Lair:5   | Killed Urug
 23632 | Lair:5   | Noticed Snorg
 23648 | Lair:5   | Killed Snorg
 24226 | Lair:6   | Entered Level 6 of the Lair of Beasts
 25146 | Lair:6   | Reached skill level 15 in Fighting
 25731 | Lair:6   | Found a staircase to the Slime Pits.
 25755 | Lair:6   | Reached skill level 8 in Shields
 26141 | Lair:6   | Received a gift from Trog
 26598 | Lair:6   | Identified the +9 hunting sling "Earthworm" {venom, rF+
                  | Dex-4 Stlth+}
 26625 | Lair:6   | Reached skill level 9 in Shields
 27349 | Lair:6   | Reached skill level 10 in Shields
 27632 | Lair:6   | Reached XP level 15. HP: 85/129 MP: 15/15
 27799 | Lair:6   | Found a corrupted altar of Lugonu.
 27799 | Lair:6   | Found a one-way gate to the infinite horrors of the Abyss.
 28663 | D:11     | Reached skill level 11 in Shields
 29026 | D:11     | Noticed Josephine
 29141 | D:11     | Noticed Gastronok
 29217 | D:11     | Killed Gastronok
 29697 | D:11     | Killed Josephine
 29712 | D:11     | Reached skill level 12 in Shields
 33359 | D:14     | Reached skill level 13 in Shields
 34098 | D:14     | Found a gate to the Vaults.
 34503 | D:14     | Noticed Azrael
 34577 | D:14     | Killed Azrael
 35578 | D:15     | Entered Level 15 of the Dungeon
 36137 | D:15     | Reached skill level 14 in Shields
 36441 | D:15     | Received a gift from Trog
 36774 | D:15     | Found a shadowy altar of Dithmenos.
 37094 | D:15     | Reached XP level 16. HP: 136/136 MP: 16/16
 37234 | D:15     | Found a staircase to the Depths.
 37247 | D:15     | Reached skill level 15 in Shields
 38199 | Orc:1    | Entered Level 1 of the Orcish Mines
 38319 | Orc:1    | Found Cukau's Distillery.
 38668 | Orc:2    | Entered Level 2 of the Orcish Mines
 38668 | Orc:2    | Found a staircase to the Elven Halls.
 39500 | Orc:2    | Found Ruegae's Armour Shoppe.
 39500 | Orc:2    | Found Neomangi's Distillery.
 39502 | Orc:2    | Found Onaklof's General Store.
 39502 | Orc:2    | Found Cepaecei's Assorted Antiques.
 39782 | D:10     | Bought a scroll of teleportation for 30 gold pieces
 39782 | D:10     | Bought a scroll of enchant armour for 75 gold pieces
 39891 | D:7      | Bought a scroll of teleportation for 42 gold pieces
 39891 | D:7      | Bought a scroll of summoning for 133 gold pieces
 39891 | D:7      | Bought a scroll of enchant weapon for 105 gold pieces
 40061 | Orc:2    | Bought a wand of iceblast (5) for 126 gold pieces
 40061 | Orc:2    | Bought a scroll of teleportation for 42 gold pieces
 40128 | Orc:1    | Bought a potion of mutation for 120 gold pieces
 40128 | Orc:1    | Bought a potion of mutation for 120 gold pieces
 40128 | Orc:1    | Bought a potion of haste for 150 gold pieces
 40128 | Orc:1    | Bought a potion of haste for 150 gold pieces
 40128 | Orc:1    | Bought a potion of mutation for 120 gold pieces
 40128 | Orc:1    | Bought a potion of curing for 45 gold pieces
 40195 | Orc:2    | Bought a shiny tower shield for 225 gold pieces
 40321 | Orc:2    | Bought a pair of fading gloves for 285 gold pieces
 40321 | Orc:2    | Identified the +1 pair of gloves of Vanity {rCorr} (You
                  | bought it in a shop on level 2 of the Orcish Mines)
 40334 | Orc:2    | Bought a crude marble ring for 150 gold pieces
 40334 | Orc:2    | Identified the ring "Jatiur" {rC+ Str+4 Int+6} (You bought
                  | it in a shop on level 2 of the Orcish Mines)
 40340 | Orc:2    | Bought a +2 helmet of see invisible for 322 gold pieces
 40441 | D:10     | Bought an ancient scale mail for 315 gold pieces
 40441 | D:10     | Identified the +7 scale mail "Omnukla" {+Inv rN+ Will++
                  | Int-5} (You bought it in a shop on level 10 of the Dungeon)
 40597 | Shoals:1 | Entered Level 1 of the Shoals
 41170 | Shoals:1 | Reached skill level 5 in Armour
 41417 | Shoals:1 | Noticed Donald
 41426 | Shoals:1 | Killed Donald
 42347 | Shoals:1 | Noticed a kraken
 42497 | Shoals:1 | Received a gift from Trog
 43058 | Shoals:2 | You fall into a shaft and drop 1 floor!
 43333 | Shoals:3 | Reached skill level 16 in Shields
 44907 | Shoals:2 | Found a runed translucent door.
 44908 | Shoals:2 | Found a shimmering altar of Xom.
 44908 | Shoals:2 | Noticed onlghost's ghost (adept DDMo)
 45670 | Shoals:2 | Reached skill level 17 in Shields
 45670 | Shoals:2 | Reached XP level 17. HP: 142/142 MP: 17/17
 45882 | Shoals:2 | Noticed Polyphemus
 45899 | Shoals:2 | Killed Polyphemus
 46305 | Shoals:3 | Noticed a kraken
 46324 | Shoals:3 | Killed a kraken
 47600 | Shoals:4 | Entered Level 4 of the Shoals
 48510 | Shoals:4 | Got a barnacled rune of Zot
 48733 | D:10     | Bought the +3 crown of Dyrovepreva {rElec Int+2 SInv} for
                  | 579 gold pieces
 48733 | D:10     | Found the +3 crown of Dyrovepreva {rElec Int+2 SInv}
 48909 | Snake:1  | Entered Level 1 of the Snake Pit
 49060 | Lair:3   | Reached skill level 18 in Shields
 49815 | Snake:1  | Found a radiant altar of Vehumet.
 50496 | Snake:1  | Noticed Louise
 50514 | Snake:1  | Killed Louise
 50643 | Snake:1  | Acquired a manual of Shields
 50726 | Snake:2  | Noticed Kirke
 50733 | Snake:2  | Noticed Aizul
 50743 | Snake:2  | Killed Kirke
 50744 | Snake:2  | Reached skill level 19 in Shields
 50752 | Snake:2  | Killed Aizul
 51162 | Snake:2  | Identified the +10 glaive "Jellybane" {flame, Fly rElec
                  | rPois rN+++} (Trog gifted it to you on level 2 of the Snake
                  | Pit)
 51162 | Snake:2  | Received a gift from Trog
 51601 | Snake:2  | Reached skill level 20 in Shields
 51684 | Snake:2  | Noticed Roxanne
 51709 | Snake:2  | Killed Roxanne
 51819 | Snake:2  | Reached XP level 18. HP: 149/149 MP: 18/18
 52540 | Snake:3  | Reached skill level 21 in Shields
 53719 | Snake:3  | Reached ****** piety under Trog
 53782 | Snake:3  | Found Udunyssi's Book Emporium.
 53786 | Snake:3  | Found Wamich's Distillery.
 54113 | Snake:3  | Reached skill level 22 in Shields
 54443 | Snake:4  | Entered Level 4 of the Snake Pit
 54499 | Snake:4  | Noticed Mara
 54505 | Snake:4  | Noticed sahdkjhfkaj's illusion
 54704 | Snake:4  | Noticed sahdkjhfkaj's illusion
 55393 | Snake:4  | Received a gift from Trog
 57359 | Snake:4  | Reached XP level 19. HP: 156/156 MP: 19/19
 57538 | Snake:4  | Got a serpentine rune of Zot
 58002 | Shoals:3 | Received a gift from Trog
 58137 | Shoals:4 | Found a large runed translucent door.
 58138 | Shoals:4 | Found a large runed translucent door.
 58198 | Shoals:4 | Noticed bnorton916's ghost (adept DECj)
 60015 | Shoals:4 | Received a gift from Trog
 60573 | Vaults:1 | Entered Level 1 of the Vaults
 61547 | Vaults:1 | Found Junkyastidi's Weapon Shop.
 62647 | Vaults:1 | Reached skill level 23 in Shields
 62654 | Vaults:1 | Reached XP level 20. HP: 106/167 MP: 20/20
 63878 | Vaults:2 | Found Agurody's Antique Armour Shop.
 64094 | Vaults:2 | Received a gift from Trog
 64468 | Vaults:2 | Found a staircase to the Crypt.
 66744 | Vaults:3 | Received a gift from Trog
 67127 | Vaults:3 | Reached XP level 21. HP: 177/177 MP: 21/21
 67422 | Vaults:3 | Killed from afar by a crystal guardian

Illustrated notes

Levels and vault maps discovered:
D:1:      heliophobic_arrival_battle_scene, layout_loops_ring,
          ebering_ecumenical_altar_abandoned
D:2:      layout_basic, minmay_misc_feat_ornament
D:3:      layout_loops_ring, uniq_ijyb, uniq_purgy, uniq_sigmund
D:4:      layout_rooms, kennysheep_generic_room_9, uniq_duvessa, uniq_robin
D:5:      layout_loops_ring, jmf_multi_god_temple, enter_ossuary_3,
          hangedman_decor_growths, kennysheep_small_square, uniq_pikel
D:6:      layout_cave_pods, cheibrodos_sewer_entry_drain, minmay_misc_feat_chi,
          kb_rosetta
D:7:      layout_rooms, minmay_temple_entry_gardened_gates, serial_shops,
          shop_statue, gammafunk_ghost_necromancy
D:8:      layout_loops_cross, grunt_temple_overflow_gold_and_silver,
          lair_entry_dummy, enter_bailey_3, glass_columns_a,
          chequers_mini_garden, eino_jars
D:9:      layout_basic
D:10:     layout_loops_ring, grunt_temple_overflow_open,
          kennysheep_orc_monster_closet_entryway, serial_shops,
          kennysheep_little_box, nicolae_shop_overgrown_old_shop, shop_scrolls,
          shop, uniq_erolcha, uniq_grum
D:11:     layout_basic, uniq_josephine, uniq_gastronok
D:12:     layout_basic
D:13:     layout_irregular_city
D:14:     layout_long_grid, erik_vaults_1, hangedman_decor_peaks_small,
          uniq_azrael
D:15:     hangedman_depths_entry_civil_slaughter, layout_basic, special_room
          [special_room_mythical_zoo], nicolae_dithmenos_through_a_glass_darkly,
          serial_rivers, chequers_serial_rivers_small_3,
          chequers_serial_rivers_small_a, chequers_serial_rivers_micro_c,
          chequers_serial_rivers_marsh, chequers_serial_rivers_micro_b,
          chequers_serial_rivers_small_b
Lair:1:   layout_roguey, basic_altar, serial_bayou_shore_a, grunt_megastairs_1,
          serial_bayou_shore_b
Lair:2:   layout_concentric_octagons, minmay_shoals_entry_hut
Lair:3:   layout_cave_pods, minmay_snake_entry_guardpost_small,
          nicolae_volcano_entry_hallway
Lair:4:   layout_regular_city, eino_house_with_fridge
Lair:5:   beast_lair_carwin_large_4, layout_loops_ring, uniq_urug, uniq_snorg,
          uniq_nessos
Lair:6:   hellmonk_lair_end_abyssal_woods, layout_concentric_octagons,
          minmay_slime_entry_pillars, lemuel_fruit_fields, serial_bayou_shore_b
Shoals:1: layout_shoals, nicolae_shoals_sun_and_surf, uniq_donald
Shoals:2: layout_shoals, ebering_ghost_xom, uniq_polyphemus
Shoals:3: layout_shoals, nicolae_shoals_flooded_hall
Shoals:4: shoals_end_simple, layout_shoals, ebering_ghost_disaster_area,
          nicolae_shoals_mertower
Snake:1:  layout_misc_corridors, lemuel_oklob_altar, uniq_louise
Snake:2:  layout_basic, hangedman_snake_pattern, uniq_aizul, uniq_roxanne,
          uniq_kirke
Snake:3:  layout_basic, minmay_shoptagon
Snake:4:  grunt_snake_rune_pools, layout_layer_cave,
          portal_ice_cave_entry_pillars_2, uniq_mara
Orc:1:    layout_caves, serial_shops, shop
Orc:2:    grunt_orc_tribal_feast, layout_caves, mines1_david
Vaults:1: nicolae_vaults_disjoint_gnomons, st_squares, vaults_room_large_hall,
          v_alt_pattern_2, vaults_standard_mumra_x, hangedman_vaults_slice,
          vaults_room_pools, layout_vaults_quadrants, serial_shops,
          nicolae_shop_stone
Vaults:2: v_alt_pattern_2, v_misc_3, vaults_mumra_hexcomb, v_pattern_1,
          v_misc_5, nicolae_vaults_network_periphery,
          grunt_vaults_hallway_short, minmay_crypt_entry_simple_box, v_misc_15,
          layout_vaults_omnicross, serial_shops, shop
Vaults:3: hangedman_vaults_pinch, v_rooms_1, v_misc_3,
          grunt_vaults_hallway_short, nicolae_vaults_big_ls, st_hourglassy,
          hangedman_vaults_river_flow, nicolae_vaults_border_crossing,
          nicolae_vaults_shelves_hall, nicolae_vaults_little_squares_3,
          v_misc_19, layout_vaults_maze_bifur, serial_shops,
          nicolae_lakefront_shop, uniq_xtahua

Skill      XL: |  1  2  3  4  5  6  7  8  9 10 11 12 13 14 15 16 17 18 19 20 |
---------------+-------------------------------------------------------------+-----
Dodging        | 3 4 5 7 8 10 15 17 19 | 19.3
Polearms       | 5 6 7 8 9 10 11 12 14 | 14.0
Fighting       | 4 5 6 7 8 12 13 15 16 18 | 18.2
Evocations     | 5 8 13 14 15 | 15.0
Shields        | 6 7 10 14 17 20 22 23 | 23.6
Armour         | 5 |  5.0

Action                   |  1- 3 |  4- 6 |  7- 9 | 10-12 | 13-15 | 16-18 | 19-21 || total
-------------------------+-------+-------+-------+-------+-------+-------+-------++-------
Melee: Spear             |   115 |    84 |       |   869 |  2364 |       |       ||  3432
       Unarmed           |       |    18 |       |       |       |       |       ||    18
       Trident           |       |    21 |   572 |    28 |    72 |  2158 |  1436 ||  4287
       Tailslap          |       |       |     6 |       |       |    38 |    12 ||    56
       Halberd           |       |       |       |    20 |       |       |       ||    20
Invok: Berserk           |     1 |     4 |    11 |    14 |    36 |    21 |     6 ||    93
       Trog's Hand       |       |       |     1 |     4 |     3 |     7 |     7 ||    22
       Brothers in Arms  |       |       |     1 |     5 |     3 |     7 |     3 ||    19
Evoke: Wand              |       |       |       |       |    14 |    15 |     7 ||    36
  Use: Scroll            |     3 |       |     6 |     8 |    10 |    12 |     7 ||    46
       Potion            |       |     2 |     4 |     4 |     3 |     3 |     3 ||    19
 Stab: Sleeping          |     1 |       |       |       |       |       |     1 ||     2
       Paralysed         |       |       |       |       |    15 |     4 |     6 ||    25
       Petrified         |       |       |       |       |       |     8 |       ||     8
       Petrifying        |       |       |       |       |       |     1 |       ||     1
       Distracted        |       |       |       |       |       |       |     1 ||     1
Armor: Animal skin       |     2 |       |       |       |       |       |       ||     2
       Ring mail         |    19 |    39 |    92 |       |       |       |       ||   150
       Skin              |       |    60 |       |       |       |       |       ||    60
       Swamp dragon scal |       |       |    80 |   316 |   451 |    17 |       ||   864
       Scale mail        |       |       |       |       |       |   198 |   145 ||   343
Dodge: Dodged            |    37 |    55 |   267 |   513 |   827 |   563 |   356 ||  2618
Block: Kite shield       |       |       |       |    65 |   881 |    80 |       ||  1026
       Buckler           |       |       |       |    21 |       |       |       ||    21
       Tower shield      |       |       |       |       |       |  1730 |  1357 ||  3087
